 Dungeon Crawl Stone Soup version 0.29.1-1-gd02db6906a (webtiles) character file.

Game seed: 11791573873908205146

314 raistware the Conjurer (level 6, 0/36 HPs)
             Began as an Octopode Conjurer on Sept 29, 2022.
             Was a Follower of Vehumet.
             Slain by a sky beast (5 damage)
             ... on level 4 of the Dungeon.
             The game lasted 00:08:47 (4242 turns).

raistware the Conjurer (Octopode Conjurer)          Turns: 4242, Time: 00:08:47

Health: 0/36       AC:  1    Str:  6    XL:     6   Next: 43%
Magic:  8/12       EV: 13    Int: 22    God:    Vehumet [*.....]
Gold:   147        SH:  0    Dex: 11    Spells: 8/13 levels left

rFire   . . .      SeeInvis .   f - +2 dagger (venom)
rCold   . . .      Faith    .   (no shield)
rNeg    . . .      Spirit   .   (helmet restricted)
rPois   .          Reflect  .   p - amulet of the acrobat
rElec   .          Harm     .   e - +4 ring of slaying
rCorr   .          Rampage  .   (no ring)
Will    .....                   (no ring)
Stlth   +++.......              (no ring)
HPRegen 0.12/turn               (no ring)
MPRegen 0.13/turn               (no ring)
                                (no ring)
                                (no ring)

@: no status effects
A: almost no armour, amphibious, 8 rings, camouflage 1, gelatinous body 1,
(nimble swimmer 1), tentacles
a: Renounce Religion


You were on level 4 of the Dungeon.
You worshipped Vehumet.
Vehumet was aware of your devotion.
You visited 2 branches of the dungeon, and saw 5 of its levels.
You also visited: Sewer.

You collected 147 gold pieces.

Inventory:

Hand Weapons
 f - a +2 dagger of venom (weapon)
 n - the +1 flail of Instant Death {flame, rPois rCorr}
   (You found it on level 3 of the Dungeon)

   It burns those it strikes, dealing additional fire damage.
   rPois:     It protects you from poison.
   rCorr:     It protects you from acid and corrosion.
Missiles
 u - 5 javelins
Magical Staves
 k - a staff of earth
Jewellery
 e - a +4 ring of slaying (left tentacle)
 p - an amulet of the acrobat (around mantle)
Scrolls
 b - 2 scrolls of vulnerability
 c - a scroll of teleportation
 d - 3 scrolls of enchant armour
 g - 2 scrolls of magic mapping
 m - 3 scrolls of fear {unknown}
 o - 2 scrolls of enchant weapon {unknown}
 q - a scroll of noise
 r - a scroll of blinking
 t - a scroll of amnesia
 v - a scroll of poison {unknown}
Potions
 a - 2 potions of magic
 h - 2 potions of brilliance {unknown}
 i - 3 potions of curing
 j - a potion of berserk rage {unknown}
 l - 2 potions of mutation {unknown}
 s - a potion of lignification {unknown}
 w - a potion of might {unknown}


   Skills:
 - Level 2.0 Dodging
 - Level 2.6 Stealth
 - Level 4.0 Spellcasting
 + Level 5.5 Conjurations
 - Level 3.0 Translocations


You had 8 spell levels left.
You knew the following spells:

 Your Spells              Type           Power      Damage    Failure   Level
a - Magic Dart            Conj           100%       1d8       1%          1
b - Iskenderun's Mystic   Conj/Tloc      23%        2d6       19%         4

Your spell library contained the following spells:

 Spells                   Type           Power      Damage    Failure   Level
 Sandblast                Erth           8%         2d5       11%         1
 Searing Ray              Conj           56%        2d6       1%          2
 Summon Small Mammal      Summ           16%        N/A       11%         1
 Dazzling Flash           Conj/Hex       32%        N/A       11%         3
 Call Canine Familiar     Summ           4%         N/A       32%         3
 Ozocubu's Armour         Ice            4%         N/A       32%         3
 Summon Guardian Golem    Hex/Summ       4%         N/A       32%         3
 Fulminant Prism          Conj/Hex       8%         3d7       34%         4
 Hailstorm                Conj/Ice       16%        3d6       34%         4
 Ice Form                 Ice/Tmut       4%         N/A       73%         4
 Agony                    Necr           4%         N/A       97%         5
 Silence                  Hex/Air        2%         N/A       97%         5
 Simulacrum               Ice/Necr       2%         N/A       100%        6
 Ozocubu's Refrigeration  Ice            2%         4d7       100%        7


Dungeon Overview and Level Annotations

Branches:
Dungeon (4/15)             Temple (1/1) D:4           Sewer (visited)

Altars:
Cheibriados
Fedhas
Gozag
Hepliaklqana
Okawaru
Sif Muna
Trog
Uskayaw
Vehumet
Wu Jian
Yredelemnul
Zin
The Shining One

Annotations:
D:2 1 runed translucent door, Crazy Yiuf
D:4 Edmund


Innate Abilities, Weirdness & Mutations

You cannot wear most types of armour.
You are amphibious.
You can wear up to eight rings at the same time.
Your skin changes colour to match your surroundings (Stealth+).
Your rubbery body absorbs attacks. (AC +1, EV +1)
((You are camouflaged when in or above water. (Stealth+)))
You have tentacles for arms and can constrict up to eight enemies at once.


Message History

There is a stone staircase leading up here.
x - 3 scrolls of identify
As you read the scroll of identify, it crumbles to dust.
c - a scroll of teleportation
As you read the scroll of identify, it crumbles to dust.
g - 2 scrolls of magic mapping
As you read the scroll of identify, it crumbles to dust.
i - 3 potions of curing
There is a stone staircase leading up here.
Edmund the Younger comes into view.
He is wielding a +5 flail of protection.
The sky beast attacks as you move away! The sky beast closely misses you.
You hit the sky beast but do no damage.
The sky beast is poisoned.
Your squeeze misses the sky beast. The sky beast hits you.
The sky beast shocks you.
You hit the sky beast.
The sky beast looks as sick as possible!
Your squeeze misses the sky beast.
The sky beast is lightly wounded.
The sky beast closely misses you.
The sky beast flickers out of sight!
Deactivating autopickup; reactivate with Ctrl-A.
Something hits you. Something shocks you.
You hit something. Your squeeze misses something. Something hits you.
Something shocks you.
* * * LOW HITPOINT WARNING * * *
Casting: Magic Dart (safe; 1% risk of failure)
Confirm with . or Enter, or press ? or * to list all spells.
You can't see any susceptible monsters within range! (Use Z to cast anyway.)
Casting: Magic Dart (safe; 1% risk of failure)
Confirm with . or Enter, or press ? or * to list all spells.
You don't know that spell.
Casting: Magic Dart (safe; 1% risk of failure)
Confirm with . or Enter, or press ? or * to list all spells.
The spell is quite dangerous to miscast (19% risk of failure)!
Continue anyway?
You erupt in a blast of force!
The mystic blast hits something.
You hear a shout!
Something hits you.
* * * LOW HITPOINT WARNING * * *
Something shocks you.
You die...

#.# #.# ..# ########.#######.#@#
#####......#......##.#.#
....#......#.###.###.#.#
....#......#.###<# #.#.#
....#......#.#...###.#.#
....#[.....#.#.....#.#.# #.....##
....#..........#@.##.#.# +......
....#......#.#.#.......# #.....#
...........#.#.#.#.#.#...#.....#
...).....###.#.#...###.###.....#
.........# #.#.#######.# #.....#
########.# #.#......##.###.....#
.....).†.# #...................#
#########......####.####.##'#####
.... ..................<......


There were no monsters in sight!

Vanquished Creatures
  Natasha (D:4)
  An iguana (D:4)
  6 gnolls
  4 river rats (Sewer)
  6 adders
  6 worms
  2 dart slugs
  5 orcs
  5 bats
  8 endoplasms
  3 giant cockroaches
  4 goblins
  4 hobgoblins
  9 jackals
  4 quokkas
  10 ball pythons
  6 frilled lizards
  6 kobolds
  9 rats
99 creatures vanquished.

Vanquished Creatures (others)
  8 plants (Sewer)
8 creatures vanquished.

Grand Total: 107 creatures vanquished

Notes
Turn   | Place    | Note
-------+----------+-------------------------------------------
     0 | D:1      | raistware the Octopode Conjurer began the quest for the
                  | Orb.
     0 | D:1      | Reached XP level 1. HP: 11/11 MP: 3/3
   425 | D:1      | Reached XP level 2. HP: 17/17 MP: 2/5
  1200 | D:2      | Reached XP level 3. HP: 21/21 MP: 0/7
  1762 | D:2      | Found a runed translucent door.
  1763 | D:2      | Noticed Crazy Yiuf
  1882 | D:2      | Reached XP level 4. HP: 27/27 MP: 9/9
  1887 | D:2      | Learned a level 4 spell: Iskenderun's Mystic Blast
  1897 | D:3      | Identified the +1 flail of Instant Death {flame, rPois
                  | rCorr}
  2071 | D:3      | Reached skill level 1 in Translocations
  2506 | D:3      | Reached XP level 5. HP: 31/31 MP: 3/11
  2663 | D:3      | Found an opulent altar of Gozag.
  2910 | D:4      | Noticed a sky beast
  2943 | D:4      | Noticed an ogre
  3008 | D:4      | Found a staircase to the Ecumenical Temple.
  3022 | Temple   | Entered the Ecumenical Temple
  3048 | Temple   | Became a worshipper of Vehumet
  3153 | D:4      | Noticed Natasha
  3160 | D:4      | Killed Natasha
  3228 | D:4      | Found a glowing drain.
  3247 | D:4      | Reached XP level 6. HP: 28/36 MP: 12/12
  3252 | Sewer    | Entered a sewer
  3358 | Sewer    | Reached skill level 5 in Conjurations
  3626 | Sewer    | Reached * piety under Vehumet
  3626 | Sewer    | Offered knowledge of Sandblast by Vehumet.
  4233 | D:4      | Noticed Edmund
  4242 | D:4      | Slain by a sky beast

Illustrated notes

Levels and vault maps discovered:
D:1:      shiori_shiawase, layout_basic
D:2:      wander_river, layout_rooms, uniq_crazy_yiuf_cottage
D:3:      layout_basic, grunt_gozag_statues, lightli_corner_chamber
D:4:      layout_basic, minmay_temple_entry_statues_fountains,
          cheibrodos_sewer_entry_bend, uniq_edmund, uniq_natasha
Temple:   chequers_temple_sunken

Skill      XL: |  1  2  3  4  5  6 |
---------------+-------------------+-----
Spellcasting   | 3 4 |  4.0
Translocations | 2 3 |  3.0
Conjurations   | 5 |  5.5
Dodging        | |  2.0
Stealth        | |  2.6

Action                   |  1- 3 |  4- 6 || total
-------------------------+-------+-------++-------
Melee: Unarmed           |     4 |       ||     4
       Constrict         |     4 |    18 ||    22
       Tentacles         |     3 |    16 ||    19
       Dagger            |     4 |    71 ||    75
 Cast: Magic Dart        |    65 |    88 ||   153
       Iskenderun's Myst |       |     1 ||     1
  Use: Scroll            |       |     8 ||     8
 Stab: Sleeping          |       |     4 ||     4
Armor: Skin              |     2 |     4 ||     6
Dodge: Dodged            |    10 |    22 ||    32
